AoeStats
← The Bear Jew

Arena

508027264Analyzed
1v1 RM · 12d ago on Sep 20, 2026· 23m 52s· 2 players
Game mode
Random Map
Map size
Tiny (2 player)
Population
200
Speed
Normal
Resources
Standard
Victory
Conquest
Starting age
Dark Age
Ending age
Imperial Age
RankedLock teamsTeams togetherTeam positionsShared explorationLock speedFull tech treeHidden civsTurbo modeCheats
Victory
Defeat
🇦🇷 Goths · Argentina
992
+15
🇪🇸 Teutons · Spain
975
-15
The Bear Jew
12:21 Feudal Age
12:55 Double-Bit Axe
12:50 Horse Collar
17:03 Castle Age
18:09 Bow Saw
18:20 Scale Barding Armor
18:46 Gold Mining
18:48 Stone Mining
21:19 Wheelbarrow
20:30 Town Watch
22:56 Bloodlines
malcador el sigilita
0:28 Loom
10:55 Feudal Age
14:50 Castle Age
12:48 Double-Bit Axe
13:14 Stone Mining
24:01 Squires
23:21 Pikeman
Connection lost

Rejoining the realm…

Still unreachable

The connection could not be restored.

Session expired

The server has moved on; the page needs a fresh start.